 Dungeon Crawl Stone Soup version 0.30-a0-1160-g6e42c06 (webtiles) character file.

Game seed: 3687580987126552943

785 Dorkslayer the Chopper (level 7, -4/44 HPs)
             Began as a Gargoyle Fighter on Apr 25, 2023.
             Engulfed by a steam dragon's steam (8 damage)
             ... on level 5 of the Dungeon.
             The game lasted 00:10:18 (4121 turns).

Dorkslayer the Chopper (Gargoyle Fighter)           Turns: 4121, Time: 00:10:18

Health: -4/44      AC: 20    Str: 19    XL:     7   Next: 86%
Magic:  7/7        EV:  6    Int:  9    God:
Gold:   305        SH:  5    Dex: 17    Spells: 6/6 levels left

rFire   . . .        a - +0 war axe
rCold   . . .        c - +0 buckler
rNeg    + . .        q - +1 plate armour {rPois}
rPois   ∞            l - +0 helmet
rElec   +            (no cloak)
rCorr   .            n - +0 pair of gloves
SInv    .            (no boots)
Will    .....        (no amulet) Stlth
                     k - +6 ring of dexterity
HPRegen 0.27/turn    (no ring)
MPRegen 0.10/turn

%: no passive effects
@: no status effects
A: sickness immunity, AC +4, negative energy resistance 1, electricity
resistance, torment resistance 1, petrification resistance
a: no special abilities


You were on level 5 of the Dungeon.
You visited 1 branch of the dungeon, and saw 5 of its levels.
You also visited: Ossuary.

You collected 305 gold pieces.

Inventory:

Hand Weapons
 a - a +0 war axe (weapon)
Missiles
 b - 4 javelins
 h - 3 boomerangs (quivered)
Armour
 c - a +0 buckler (worn)
 l - a +0 helmet (worn)
 n - a +0 pair of gloves (worn)
 q - a +1 plate armour of poison resistance (worn)
Jewellery
 k - a +6 ring of dexterity (left hand)
Wands
 y - a wand of paralysis (5)
Scrolls
 e - a scroll of poison {unknown}
 f - 4 scrolls of teleportation
 j - 3 scrolls of identify {unknown}
 r - 4 scrolls of immolation
 t - 2 scrolls of noise {unknown}
 u - a scroll of fog {unknown}
 v - a scroll of vulnerability {unknown}
 x - a scroll of blinking {unknown}
Potions
 d - 2 potions of might
 g - 3 potions of lignification {unknown}
 i - a potion of curing {unknown}
 m - 3 potions of haste {unknown}
 o - 2 potions of flight {unknown}
 p - a potion of berserk rage {unknown}
 w - a potion of brilliance {unknown}
 z - a potion of degeneration {unknown}


   Skills:
 + Level 4.6 Fighting
 + Level 5.6 Axes
 + Level 4.4 Armour
 * Level 2.8 Dodging
 + Level 4.3 Shields


You had 6 spell levels left.
You didn't know any spells.
Your spell library contained the following spells:

 Spells                   Type           Power      Damage    Failure   Level
 Magic Dart               Conj           0%         1d3       100%        1
 Call Imp                 Summ           0%         N/A       100%        2
 Mephitic Cloud           Conj/Pois/Air  0%         N/A       100%        3
 Olgreb's Toxic Radiance  Pois           0%         N/A       100%        4
 Discord                  Hex            0%         N/A       100%        8
 Ignition                 Fire           0%         3d3       100%        8


Dungeon Overview and Level Annotations

Branches:
Dungeon (5/15)            Ossuary (visited)
 Temple: D:4-7

Altars:
Dithmenos
Elyvilon
Makhleb
Qazlal
Trog
Xom

Shops:
D:5 *


Innate Abilities, Weirdness & Mutations

You are immune to sickness and miasma.
Your stone body is resilient. (AC +4)
You are immune to poison.
You resist negative energy. (rN+)
You are resistant to electric shocks. (rElec)
You are resistant to unholy torment.
You are immune to petrification.


Message History

The steam dragon is severely wounded.
The steam dragon breathes steam at you. The ball of steam hits you.
You feel much better.
You are engulfed in a cloud of scalding steam.
You block the steam dragon's attack.
The steam dragon claws you but does no damage.
You hit the steam dragon.
The steam dragon is severely wounded.
You are engulfed in a cloud of scalding steam.
The steam dragon bites you but does no damage.
You block the steam dragon's attack.
You barely miss the steam dragon.
The steam dragon is severely wounded.
You are engulfed in a cloud of scalding steam.
The steam dragon bites you but does no damage.
The steam dragon claws you but does no damage.
You slash the steam dragon!
The steam dragon is almost dead.
The steam dragon breathes steam at you. The ball of steam hits you!
* * * LOW HITPOINT WARNING * * *
You hit the steam dragon.
The steam dragon is almost dead.
You are engulfed in a cloud of scalding steam.
The steam dragon bites you but does no damage.
The steam dragon barely misses you.
The steam dragon bites you but does no damage.
You block the steam dragon's attack.
You hit the steam dragon but do no damage.
The steam dragon is almost dead.
You are engulfed in a cloud of scalding steam.
* * * LOW HITPOINT WARNING * * *
The steam dragon bites you.
* * * LOW HITPOINT WARNING * * *
The steam dragon claws you but does no damage.
You closely miss the steam dragon.
The steam dragon is almost dead.
You are engulfed in a cloud of scalding steam.
You die...

####### ###........
#....... #..........
#......# #..(.......
#......# #..........
#....).# #....######
#......# #....#
#......# #...)#
#...D..# #....#
#...@..# #....#
#...§..####....#
#......'.##....#
#.§§§..#.##....#
.................#
..................+
#......##...###....#
#...... ##### ######
#######


You could see a steam dragon (catching breath).

Vanquished Creatures
  The ghost of niggles the Cutter, an amateur DrRe of Wu Jian (D:3)
  An ogre (D:4)
  A phantom (D:5)
  Blork the orc (D:4)
  A jelly (D:5)
  An orc priest (D:4)
  3 hounds (D:5)
  2 human zombies (Ossuary)
  3 mummies (Ossuary)
  Robin (D:2)
  3 adders
  5 gnolls
  A white imp (D:5)
  3 adder zombies (Ossuary)
  4 dart slugs
  11 orcs
  6 ball pythons
  3 bats
  5 endoplasms
  4 giant cockroaches
  9 goblins
  7 hobgoblins
  5 jackals
  8 quokkas
  3 frilled lizards
  5 goblin zombies (Ossuary)
  4 hobgoblin zombies (Ossuary)
  3 jackal zombies (Ossuary)
  6 kobolds
  3 kobold zombies (Ossuary)
  5 orc zombies (Ossuary)
  4 quokka zombies (Ossuary)
  12 rats
  4 rat zombies (Ossuary)
138 creatures vanquished.

Vanquished Creatures (others)
  An orc (D:5)
1 creature vanquished.

Grand Total: 139 creatures vanquished

Notes
Turn   | Place    | Note
-------+----------+-------------------------------------------
     0 | D:1      | Dorkslayer the Gargoyle Fighter began the quest for the
                  | Orb.
     0 | D:1      | Reached XP level 1. HP: 14/14 MP: 1/1
    75 | D:1      | Reached XP level 2. HP: 19/19 MP: 2/2
   283 | D:1      | Reached skill level 2 in Axes
   338 | D:1      | Reached XP level 3. HP: 23/23 MP: 3/3
   686 | D:1      | Reached skill level 1 in Dodging
  1071 | D:2      | Noticed Robin
  1107 | D:2      | Killed Robin
  1108 | D:2      | Reached XP level 4. HP: 17/29 MP: 4/4
  1590 | D:2      | Found a stormy altar of Qazlal.
  1619 | D:2      | Reached skill level 3 in Axes
  1627 | D:2      | Reached XP level 5. HP: 18/33 MP: 5/5
  1968 | D:3      | Found a burning altar of Makhleb.
  2460 | D:3      | Found a runed translucent door.
  2461 | D:3      | Noticed niggles's ghost (amateur DrRe)
  2661 | D:3      | Killed niggles's ghost
  2662 | D:3      | Reached XP level 6. HP: 38/38 MP: 6/6
  2726 | D:4      | Found a sand-covered staircase.
  2730 | D:4      | Noticed Blork the orc
  2731 | Ossuary  | Entered an ossuary
  2766 | Ossuary  | Reached skill level 4 in Axes
  3150 | D:4      | Killed Blork the orc
  3151 | D:4      | Reached XP level 7. HP: 22/43 MP: 7/7
  3262 | D:4      | Reached skill level 5 in Axes
  3729 | D:4      | Found a shimmering altar of Xom.
  3729 | D:4      | Found a shadowy altar of Dithmenos.
  3740 | D:4      | Found a white marble altar of Elyvilon.
  3743 | D:4      | Found a faded altar of an unknown god.
  3744 | D:4      | Found a bloodstained altar of Trog.
  3885 | D:5      | Entered Level 5 of the Dungeon
  3891 | D:5      | Found Nupteff's Neck Hole.
  4101 | D:5      | Noticed a steam dragon
  4121 | D:5      | Engulfed by a steam dragon's steam

Illustrated notes

Levels and vault maps discovered:
D:1:      scummos_arrival_gate, layout_basic, corner_web_ring
D:2:      minmay_door_path, layout_rooms, basic_altar, uniq_robin
D:3:      layout_basic, amcnicky_altar_gilded, ebering_ghost_inner_flame
D:4:      layout_basic, chequers_temple_overflow_minitemple, enter_ossuary_2,
          uniq_blork_the_orc
D:5:      layout_basic, nicolae_shop_sticking_my_neck_out

Skill      XL: |  1  2  3  4  5  6  7 |
---------------+----------------------+-----
Axes           | 2 3 4 5 |  5.6
Dodging        | 1 2 |  2.8
Fighting       | 4 |  4.6
Armour         | 4 |  4.4
Shields        | 4 |  4.3

Action                     |  1- 3 |  4- 6 |  7- 9 || total
---------------------------+-------+-------+-------++-------
  Melee: War axe           |    80 |   222 |    95 ||   397
    Use: Scroll            |       |     4 |       ||     4
         Potion            |       |     1 |     2 ||     3
 Armour: Scale mail        |    13 |       |       ||    13
         Chain mail        |    54 |    20 |       ||    74
         Plate armour      |       |   152 |    72 ||   224
  Dodge: Dodged            |    36 |    56 |    35 ||   127
  Block: Buckler           |    23 |    83 |    31 ||   137

Table legend: (Time is in decaauts)
 A = Elapsed time spent in this place.
 B = Non-inter-level travel time spent in this place.
 C = Inter-level travel time spent in this place.
 D = Time resting spent in this place.
 E = Time spent auto-exploring this place.
 F = Levels seen in this place.
 G = Mean time per level.
                   A        B        C        D        E       F      G
               +--------+--------+--------+--------+--------+-----+--------+
         Total |   4259 |   4259 |      0 |      0 |   2246 |   6 |  709.8 |
       Dungeon |   3819 |   3819 |      0 |      0 |   2080 |   5 |  763.8 |
       Ossuary |    440 |    440 |      0 |      0 |    166 |   1 |  440.0 |
               +--------+--------+--------+--------+--------+-----+--------+

Top non-repeatable levels by time:
     D:1: 1093 daAuts
     D:3: 846 daAuts
     D:2: 827 daAuts
     D:4: 805 daAuts
 Ossuary: 440 daAuts
     D:5: 246 daAuts
